Map: Cerulean Fall LE

Players

Odin - Winner!

  • Race: Protoss Protoss
  • Spawn Location: 7:00

A.I. 1 (Elite)

  • Race: Zerg Zerg
  • Spawn Location: 1:00

VOD

Have the link to the VOD?

Description

Time

  • Played on: Dec. 19, 2018, 12:22 p.m.
  • Length: 29:08
Show
View Real Time Build Order
Export as new Build Order

Odin Protoss - Winner!

Build Orders: Dark Templar Rush 

Get SALT Encoding   

  12  0:02  Probe  
  13  0:19  Pylon  
  13  0:21  Probe  
  14  0:38  Gateway  
  14  0:46  Probe  
  14  0:48  Assimilator  
  15  0:57  Probe  
  15  1:00  Pylon  
  16  1:05  Probe  
  16  1:06  Assimilator  
  17  1:14  Probe  
  18  1:30  Cybernetics Core  
  18  1:35  Probe  
  19  1:41  Pylon  
  19  1:47  Probe  
  20  1:59  Probe  
  20  2:00  Warp Gate  
  21  2:08  Gateway  
  21  2:16  Probe  
  21  2:17  Twilight Council  
  22  2:27  Adept  
  24  2:45  Nexus  
  24  3:03  Dark Shrine  
  24  3:06  Probe  
  25  3:21  Pylon  
  25  3:25  Gateway x2  
  25  3:29  Probe  
  26  3:41  Probe  
  27  3:53  Probe  
  27  3:54  Assimilator  
  28  3:56  Assimilator  
  28  3:57  Probe  
  29  4:08  Probe  
  30  4:15  Probe  
  31  4:20  Dark Templar x2  
  31  4:21  Dark Templar x2  
  39  4:25  Probe  
  39  4:27  Probe  
  41  4:40  Robotics Facility  
  41  4:41  Probe  
  42  5:08  Probe  
  42  5:11  Probe  
  42  5:22  Probe  
  42  5:23  Probe  
  44  5:29  Immortal  
  48  5:35  Probe  
  48  5:37  Pylon  
  48  5:38  Stargate  
  48  5:39  Pylon  
  48  5:41  Probe  
  48  5:42  Robotics Facility  
  47  5:44  Probe  
  47  5:49  Probe  
  46  5:57  Stalker x2  
  50  6:06  Probe  
  50  6:07  Probe  
  52  6:21  Oracle  
  52  6:22  Warp Prism  
  52  6:24  Probe x2  
  59  6:42  Nexus  
  59  6:44  Pylon  
  59  6:47  Probe  
  59  6:48  Probe  
  61  7:18  Stalker x4  
  69  7:26  Probe x2  
  71  7:43  Gateway  
  71  7:44  Gateway  
  71  7:45  Gateway  
  71  7:47  Gateway  
  71  7:48  Pylon x2  
  71  7:53  Pylon x2  
  71  7:55  Pylon  
  71  7:57  Forge  
  71  7:58  Dark Templar x3, Forge  
  77  8:01  Dark Templar  
  77  8:03  Archon  
  79  8:07  Archon  
  79  8:14  Probe x2  
  81  8:26  Probe  
  81  8:27  Probe  
  83  8:33  Photon Cannon  
  83  8:36  Photon Cannon  
  83  8:37  Photon Cannon  
  83  8:39  Probe  
  84  8:41  Templar Archives  
  84  8:45  Assimilator  
  84  9:00  Immortal x2  
  92  9:53  Stalker x6  
  92  9:54  Stalker x2  
  101  10:50  Dark Templar x2  
  101  10:55  Archon  
  105  11:01  Zealot  
  101  11:30  Assimilator  
  101  11:35  Stargate  
  101  11:36  Stargate  
  101  11:37  Pylon  
  101  11:38  Pylon  
  101  11:40  Stargate  
  101  11:41  Pylon  
  101  11:45  Stargate  
  101  11:47  Fleet Beacon  
  101  11:48  Pylon  
  101  11:50  Pylon  
  101  11:51  Pylon  
  101  11:57  High Templar x3  
  101  11:58  High Templar  
  101  11:59  High Templar x4  
  101  12:01  Nexus  
  117  12:04  Psionic Storm  
  117  12:05  Assimilator  
  117  12:09  Assimilator  
  117  12:10  Pylon  
  117  12:13  Pylon  
  117  12:15  Stargate, Pylon  
  117  12:20  Charge  
  117  12:35  Probe x3  
  120  12:39  Gateway  
  120  12:42  Gateway  
  120  12:44  Photon Cannon  
  120  12:45  Photon Cannon  
  120  12:47  Probe x3  
  120  12:48  Photon Cannon  
  120  12:50  Photon Cannon  
  123  12:54  Stalker  
  123  12:55  Stalker x7  
  139  12:59  Probe  
  139  13:03  Carrier  
  139  13:04  Carrier  
  152  13:17  Zealot  
  152  13:18  Zealot x7  
  168  13:40  Phoenix x2  
  172  13:44  Dark Templar x2  
  172  13:48  Archon  
  176  13:58  Probe x2  
  176  13:59  Probe  
  180  14:14  Zealot x2  
  180  14:15  Zealot x6  
  196  14:20  Probe  
  196  14:29  Protoss Ground Weapons Level 1  
  196  14:30  Protoss Ground Armor Level 1  
  196  14:39  Forge  
  196  14:41  Cybernetics Core  
  190  16:08  Carrier  
  190  16:10  Protoss Air Weapons Level 1, Protoss Air Armor Level 1, Protoss Shields Level 1  
  196  16:36  Nexus  
  196  16:39  Zealot x2  
  200  16:40  Assimilator  
  200  16:44  Assimilator  
  200  16:45  Pylon, Protoss Ground Weapons Level 2, Protoss Ground Armor Level 2  
  200  16:48  Pylon  
  200  16:51  Pylon  
  200  16:56  Robotics Bay  
  200  17:08  Nexus  
  200  17:11  Assimilator  
  200  17:15  Assimilator  
  200  17:16  Pylon  
  200  17:20  Pylon  
  200  17:21  Pylon  
  200  17:24  Pylon  
  200  17:59  Photon Cannon  
  200  18:00  Photon Cannon  
  200  18:02  Photon Cannon  
  200  18:04  Photon Cannon  
  200  18:05  Shield Battery  
  200  18:06  Shield Battery  
  200  18:08  Shield Battery  
  200  18:37  Protoss Shields Level 2  
  200  18:38  Protoss Air Weapons Level 2, Protoss Air Armor Level 2  
  186  19:48  Gravitic Boosters  
  186  20:20  Protoss Ground Weapons Level 3, Protoss Ground Armor Level 3  
  186  20:27  Observer  
  194  20:39  Observer  
  194  20:40  Mothership  
  196  20:45  Gravitic Drive, Probe x4  
  198  20:55  Probe  
  197  20:58  Probe  
  192  22:01  Warp Prism  
  192  22:06  High Templar  
  192  22:07  High Templar  
  198  22:16  Blink  
  198  22:18  Protoss Air Armor Level 3, Protoss Air Weapons Level 3  
  198  22:19  Protoss Shields Level 3  
  198  22:28  Probe  
  198  22:29  Probe  
  200  24:17  Resonating Glaives  
  188  24:56  Zealot x2  
  188  24:57  Zealot x4  
  188  25:21  Dark Templar x2  
  188  25:22  Dark Templar x2  
  188  25:23  Dark Templar  
  188  26:04  Zealot x6  
  198  26:32  Archon  
  194  26:33  Archon x2  
  194  26:35  Archon  
  186  26:52  High Templar x5  
  186  26:53  High Templar x2  
  200  26:58  Archon x2  
  200  26:59  Archon  
  200  27:13  High Templar  
  198  27:56  High Templar  
  200  28:06  Archon  
Show
View Real Time Build Order
Export as new Build Order

A.I. 1 (Elite) Zerg 

Build Orders: Pool First 

Get SALT Encoding   

  12  0:00  Drone  
  13  0:12  Overlord  
  13  0:17  Drone  
  14  0:30  Drone  
  15  0:40  Spawning Pool, Drone  
  15  0:45  Drone  
  15  0:49  Drone  
  17  0:51  Extractor  
  17  0:55  Drone  
  17  1:06  Drone  
  18  1:17  Drone  
  19  1:27  Queen  
  19  1:29  Zergling x2  
  19  1:30  Roach Warren  
  21  1:38  Overlord  
  21  1:49  Drone  
  22  1:59  Overlord  
  22  2:10  Roach  
  24  2:21  Roach  
  26  2:32  Roach  
  26  2:34  Hatchery  
  26  2:35  Roach  
  29  2:41  Roach  
  31  2:47  Roach  
  33  2:53  Overlord  
  33  2:57  Drone  
  34  3:04  Metabolic Boost  
  34  3:08  Zergling x2  
  34  3:12  Zergling x2  
  36  3:16  Zergling x2  
  36  3:19  Zergling x2  
  38  3:23  Zergling x2  
  39  3:33  Zergling x2  
  40  3:37  Overlord, Extractor  
  39  3:45  Lair  
  39  4:05  Drone  
  39  4:09  Drone  
  41  4:11  Drone  
  41  4:15  Drone  
  43  4:20  Drone  
  43  4:22  Drone  
  45  4:26  Drone  
  45  4:30  Drone  
  47  4:34  Drone  
  47  4:37  Drone  
  49  4:41  Drone  
  49  4:43  Drone  
  51  4:46  Drone  
  51  4:47  Hydralisk Den  
  51  4:49  Drone  
  52  4:54  Overlord  
  52  4:58  Overseer  
  46  5:09  Drone  
  41  5:17  Hydralisk  
  37  5:23  Drone  
  22  5:45  Drone  
  22  5:56  Drone  
  23  6:05  Drone  
  24  6:14  Drone  
  25  6:20  Drone  
  26  6:27  Drone  
  27  6:34  Drone  
  28  6:41  Drone  
  29  6:48  Drone  
  29  6:53  Drone  
  31  7:03  Drone  
  32  7:20  Queen  
  34  7:25  Drone  
  35  7:31  Drone  
  35  7:36  Drone  
  37  7:42  Drone  
  38  7:47  Drone  
  39  7:52  Drone  
  40  8:00  Hydralisk  
  42  8:07  Hydralisk  
  44  8:15  Hydralisk  
  44  8:18  Drone  
  47  8:22  Drone  
  47  8:24  Drone  
  49  8:28  Drone  
  49  8:31  Drone  
  51  8:34  Drone  
  51  8:38  Drone  
  51  8:40  Drone  
  54  8:46  Overlord  
  54  8:50  Drone  
  54  8:51  Drone  
  56  8:58  Drone  
  56  8:59  Drone  
  56  9:00  Overseer  
  56  9:01  Drone  
  59  9:03  Drone  
  59  9:04  Drone  
  61  9:11  Overlord  
  61  9:13  Drone  
  60  9:29  Overlord, Zergling x2, Drone  
  60  9:30  Drone x2  
  61  9:33  Roach  
  61  9:35  Hydralisk  
  58  9:43  Zergling x2  
  53  9:45  Hydralisk  
  55  9:54  Hydralisk  
  55  9:56  Hydralisk  
  55  9:57  Queen  
  57  10:02  Roach, Drone  
  57  10:03  Drone  
  57  10:07  Zergling x2  
  57  10:10  Hydralisk  
  59  10:16  Zergling x2  
  59  10:19  Hydralisk  
  59  10:26  Hydralisk  
  52  10:30  Zergling x2  
  44  10:37  Queen, Zergling x2  
  44  10:41  Drone  
  45  10:49  Drone  
  33  11:04  Drone  
  34  11:15  Drone  
  35  11:21  Drone  
  36  11:28  Drone  
  37  11:34  Drone  
  39  11:40  Drone  
  39  11:45  Drone  
  40  11:50  Drone  
  40  11:54  Zergling x2  
  42  11:59  Drone  
  43  12:03  Drone  
  43  12:07  Drone  
  45  12:11  Drone  
  45  12:14  Drone  
  47  12:23  Hydralisk  
  47  12:27  Drone  
  50  12:31  Drone  
  50  12:34  Drone  
  52  12:38  Drone  
  52  12:41  Drone  
  54  12:45  Drone  
  54  12:48  Drone  
  56  12:51  Drone  
  56  12:53  Drone  
  56  12:57  Drone  
  59  12:59  Drone  
  59  13:02  Drone  
  61  13:07  Overlord  
  61  13:09  Drone  
  62  13:15  Drone  
  62  13:16  Drone  
  62  13:19  Drone x2  
  66  13:21  Drone  
  66  13:26  Drone  
  66  13:27  Overlord  
  68  13:37  Drone  
  68  13:38  Drone  
  70  13:49  Infestation Pit  
  70  13:50  Overlord  
  69  14:12  Roach x2, Zergling x6  
  69  14:15  Overlord  
  76  14:21  Hatchery  
  75  14:28  Zergling x2  
  75  14:29  Zergling x2, Hive  
  77  14:31  Zergling x2  
  77  14:33  Zergling x2  
  77  14:35  Zergling x2  
  80  14:40  Roach  
  80  14:42  Roach  
  84  14:50  Overlord  
  86  14:52  Roach  
  86  14:54  Roach x2  
  86  14:55  Roach  
  89  15:02  Zergling x2  
  89  15:03  Zergling x2  
  73  15:13  Hydralisk x2  
  62  15:23  Hydralisk  
  62  15:24  Zergling x2  
  62  15:25  Roach  
  62  15:26  Roach, Zergling x2  
  70  15:28  Hatchery  
  70  15:35  Hydralisk, Zergling x2  
  71  15:42  Ultralisk Cavern  
  71  15:46  Zergling x4  
  68  15:56  Lair  
  68  15:57  Zergling x4  
  65  15:58  Roach, Drone x2  
  63  16:07  Drone  
  63  16:08  Drone  
  65  16:18  Drone  
  66  16:19  Roach  
  68  16:29  Roach x3, Overlord  
  68  16:31  Roach  
  76  16:39  Hydralisk x2  
  78  16:41  Drone  
  81  16:50  Overlord  
  81  16:51  Drone  
  81  16:52  Drone  
  83  17:01  Roach x2, Hydralisk, Drone  
  87  17:02  Ultralisk  
  87  17:04  Roach  
  98  17:11  Overlord  
  98  17:12  Drone  
  98  17:15  Drone  
  99  17:22  Drone  
  100  17:23  Drone  
  100  17:25  Drone  
  102  17:32  Overlord, Drone  
  102  17:33  Drone x2  
  102  17:34  Drone  
  100  17:37  Drone  
  102  17:44  Drone x2  
  102  17:47  Drone  
  104  17:54  Drone  
  104  17:55  Drone  
  104  17:58  Drone  
  113  18:05  Overlord, Ultralisk  
  113  18:09  Zergling x2  
  113  18:11  Roach  
  113  18:12  Roach x2  
  120  18:18  Roach  
  121  18:23  Hydralisk  
  121  18:24  Ultralisk  
  121  18:26  Overlord  
  128  18:31  Zergling x2  
  128  18:34  Drone  
  127  18:35  Hatchery  
  127  18:38  Queen  
  126  18:44  Roach x2  
  126  18:45  Overlord  
  126  18:48  Zergling x2  
  124  18:50  Roach  
  124  18:51  Zergling x2  
  124  18:53  Zergling x2  
  124  18:54  Zergling x2  
  101  18:58  Hydralisk  
  101  18:59  Hydralisk  
  101  19:01  Zergling x2  
  84  19:08  Hydralisk  
  84  19:09  Zergling x2  
  86  19:10  Zergling x2  
  81  19:18  Extractor  
  81  19:20  Drone x2  
  81  19:21  Extractor, Zergling x2  
  81  19:22  Extractor  
  81  19:31  Extractor, Drone x3  
  74  19:41  Hydralisk, Drone  
  74  19:42  Extractor, Drone  
  74  19:45  Zergling x4, Drone  
  76  19:47  Zergling x2  
  76  19:52  Drone  
  78  19:53  Drone x2  
  78  19:58  Drone  
  81  20:03  Drone x2  
  81  20:04  Drone  
  84  20:08  Drone  
  84  20:13  Drone  
  86  20:14  Drone x2  
  86  20:16  Zergling x2, Drone  
  86  20:17  Drone  
  86  20:19  Drone  
  92  20:24  Drone  
  92  20:25  Drone  
  92  20:26  Drone  
  95  20:30  Drone  
  95  20:35  Drone  
  97  20:36  Drone  
  97  20:37  Drone  
  97  20:40  Drone  
  100  20:45  Drone  
  100  20:47  Drone  
  100  20:48  Roach, Zergling x2, Drone  
  106  20:51  Zergling x2  
  106  20:56  Drone  
  108  20:57  Drone  
  108  20:59  Drone  
  108  21:02  Drone  
  111  21:07  Drone  
  111  21:08  Drone  
  111  21:10  Drone  
  114  21:13  Drone  
  114  21:18  Drone  
  115  21:19  Zergling x2  
  115  21:20  Roach, Zergling x2, Drone  
  115  21:21  Roach  
  115  21:23  Drone  
  115  21:28  Drone  
  115  21:29  Drone  
  115  21:32  Drone  
  109  21:34  Roach  
  109  21:39  Roach  
  112  21:40  Roach  
  112  21:43  Zergling x2  
  112  21:45  Zergling x2  
  110  21:50  Zergling x2  
  110  21:51  Roach, Hydralisk, Zergling x2, Drone  
  110  21:53  Hydralisk  
  117  21:55  Zergling x2  
  117  22:00  Drone  
  121  22:02  Drone  
  121  22:05  Drone  
  121  22:06  Drone  
  124  22:11  Drone  
  124  22:12  Drone  
  126  22:15  Drone  
  126  22:17  Drone  
  126  22:22  Drone  
  129  22:23  Zergling x2, Drone  
  129  22:24  Roach, Drone  
  129  22:27  Overlord  
  129  22:28  Roach  
  136  22:46  Overlord, Roach x4  
  144  22:54  Evolution Chamber  
  143  23:03  Evolution Chamber  
  143  23:04  Overlord, Ultralisk  
  148  23:07  Evolution Chamber  
  148  23:12  Overseer  
  147  23:20  Zerg Ground Armor Level 1  
  147  23:22  Ultralisk, Drone  
  147  23:23  Overlord, Drone x2  
  147  23:26  Drone x2  
  152  23:27  Drone  
  152  23:28  Zerg Melee Weapons Level 1  
  152  23:29  Drone x2  
  152  23:30  Drone x3  
  152  23:31  Zergling x4  
  152  23:32  Zerg Missile Weapons Level 1  
  152  23:33  Zergling x2  
  150  23:35  Drone  
  150  23:41  Overlord, Ultralisk  
  157  23:51  Hatchery  
  156  23:59  Overlord, Ultralisk  
  162  24:03  Overseer  
  162  24:17  Overlord, Ultralisk, Infestor  
  162  24:19  Infestor, Spire  
  162  24:21  Infestor  
  162  24:23  Overseer  
  173  24:27  Hydralisk  
  173  24:29  Hydralisk  
  154  24:32  Zergling x2  
  154  24:33  Zergling x2  
  154  24:35  Zergling x2  
  154  24:36  Zergling x2  
  154  24:38  Zergling x2  
  137  24:40  Hydralisk  
  137  24:42  Hydralisk  
  137  24:44  Zergling x2  
  137  24:45  Zergling x2  
  129  24:47  Zergling x2  
  129  24:48  Roach, Zergling x2  
  129  24:49  Roach x2  
  129  24:52  Roach  
  120  24:53  Roach  
  120  24:56  Roach  
  120  24:59  Roach  
  126  25:02  Roach  
  126  25:03  Drone  
  126  25:04  Drone  
  126  25:06  Drone  
  131  25:10  Drone  
  131  25:13  Drone  
  134  25:14  Drone  
  134  25:16  Hydralisk  
  134  25:17  Infestor, Drone x2  
  134  25:20  Drone  
  141  25:24  Roach  
  141  25:25  Roach  
  142  25:29  Overlord  
  142  25:31  Drone  
  142  25:34  Corruptor, Hive  
  140  25:39  Roach  
  141  25:43  Drone  
  141  25:46  Drone x2  
  141  25:47  Hatchery  
  141  25:48  Drone  
  141  25:50  Drone  
  141  25:51  Zergling x2  
  141  25:54  Overlord  
  141  25:56  Zergling x2  
  144  26:02  Zergling x2  
  144  26:03  Zergling x2  
  146  26:07  Roach, Overseer  
  148  26:13  Roach  
  148  26:14  Overlord, Roach x2  
  148  26:15  Roach  
  148  26:18  Roach  
  152  26:25  Zergling x2  
  110  26:29  Roach  
  110  26:31  Overseer  
  101  26:38  Hydralisk  
  101  26:46  Zergling x2  
  93  26:49  Hydralisk  
  83  26:57  Zergling x2  
  83  26:58  Roach  
  83  26:59  Lair  
  71  27:04  Hatchery  
  71  27:07  Zergling x2  
  38  27:23  Overseer  
  14  27:49  Drone x2  
Tags
 
Add a new tag
Caveats
  • Supply blocks, unpowered buildings, or Contaminate may cause inaccurate times.
  • Supply counts are checked every 10 seconds.